[Event "*** Titled Tuesday Blitz"]
[Site "Chess.com"]
[Date "2021.04.27"]
[Round "6"]
[White "volunteers1998"]
[Black "ajdemipopushi"]
[Result "1-0"]
[WhiteElo "2219"]
[BlackElo "2323"]
[TimeControl "180+1"]
[EndTime "11:05:41 PDT"]
[Termination "volunteers1998 won by resignation"]

1. e4 c5 2. Nf3 g6 3. d4 cxd4 4. Nxd4 Bg7 5. Nc3 Nc6 6. Be3 Nf6 7. Be2 O-O 8. O-O d5 9. exd5 Nxd5 10. Nxd5 Qxd5 11. Nxc6 Qxc6 12. Bf3 Qb5 13. c3 Qxb2 14. Qc1 Qxc3 15. Rb1 a5 16. Qxc3 Bxc3 17. Rfc1 Bf6 18. a4 Bf5 19. Rxb7 Rac8 20. Rxc8 Rxc8 21. Ra7 Rb8 22.
h3 Be5 23. g4 Be6 24. Rxa5 Bd6 25. Rb5 Rc8 26. a5 h5 27. a6 hxg4 28. hxg4 Bc4 29.
Ra5 Bc7 30. Ra4 Bb5 31. Ra1 Be5 32. Ra5 1-0

[Event "*** Titled Tuesday Blitz"]
[Site "Chess.com"]
[Date "2021.04.27"]
[Round "6"]
[White "KononenkoD"]
[Black "H3nriqueTV"]
[Result "1-0"]
[WhiteElo "2516"]
[BlackElo "2316"]
[TimeControl "180+1"]
[EndTime "11:05:43 PDT"]
[Termination "KononenkoD won by resignation"]

1. d4 d5 2. c4 c6 3. cxd5 cxd5 4. Bf4 Nc6 5. e3 a6 6. Nc3 Nf6 7. Be2 e6 8. Rc1 Bd6 9. Bxd6 Qxd6 10. f4 O-O 11.
Nf3 Ne4 12. O-O f5 13. Ne5 Bd7 14. Bf3 Rac8 15. Bxe4 fxe4 16. Na4 Nxe5 17. fxe5 Bxa4 18. exd6 Bxd1 19. Rfxd1 Rcd8 20. Rc7 Rxd6 21. Rxb7 Rc6 22. Rf1 Rxf1+ 23. Kxf1 Rc2 24. a3 h6 25. Rb6 Kf7 26. b4 Rc3 27. Rxa6 Rxe3 28. b5 Rb3 29. a4 e3 30. Ke2 e5 31. dxe5 d4 32. Rd6 Rb2+ 33. Kf3 Rf2+ 34. Kg3 Rd2 35. a5 e2 36. Kf2 d3 37. Rxd3 Rxd3 38. a6 Rd2 39. b6 Rb2 40.
a7 Ke6 41. b7 Kf5 42. b8=Q Rd2 1-0

[Event "*** Titled Tuesday Blitz"]
[Site "Chess.com"]
[Date "2021.04.27"]
[Round "6"]
[White "Zallio"]
[Black "RamyresCoelho"]
[Result "1-0"]
[WhiteElo "2075"]
[BlackElo "2173"]
[TimeControl "180+1"]
[EndTime "11:05:43 PDT"]
[Termination "Zallio won by resignation"]

1. e4 c5 2. Nf3 d6 3. d4 cxd4 4.
Nxd4 Nf6 5. Nc3 a6 6. Bg5 e6 7. f4 Qb6 8. Nb3 Be7 9. Qd2 O-O 10.
O-O-O Nc6 11. Be2 h6 12. Bxf6 Bxf6 13. g4 Nd4 14. h4 Nxb3+ 15. axb3 Bxc3 16. bxc3 d5 17.
g5 h5 18. Bxh5 dxe4 19. Bg4 e5 20. f5 e3 21. Qe2 Qc5 22. Kb2 b5 23. h5 Bb7 24.
Rh3 Rfd8 25. Rxd8+ Rxd8 26. Rxe3 e4 27. h6 b4 28.
hxg7 bxc3+ 29. Rxc3 Qd4 30. Qh2 Kxg7 31. Qh6+ Kg8 32.
f6 1-0

[Event "*** Titled Tuesday Blitz"]
[Site "Chess.com"]
[Date "2021.04.27"]
[Round "6"]
[White "andrewtnb"]
[Black "PotapovaM"]
[Result "0-1"]
[WhiteElo "2259"]
[BlackElo "2573"]
[TimeControl "180+1"]
[EndTime "11:05:44 PDT"]
[Termination "PotapovaM won on time"]

1. d4 Nf6 2. c4 e6 3. Nc3 Bb4 4. e3 O-O 5. Ne2 d5 6. a3 Bd6 7.
cxd5 exd5 8. Ng3 c5 9. dxc5 Bxc5 10. Be2 Nc6 11. b4 Be7 12. O-O d4 13. exd4 Nxd4 14. Be3 Nxe2+ 15. Qxe2 Bg4 16. f3 Be6 17. Rfd1 Qc8 18.
Nce4 Nd5 19. Rac1 Qe8 20. Bc5 b6 21. Bxe7 Qxe7 22. Nc3 Nf4 23. Qe3 Qg5 24. Re1 Rac8 25. Rcd1 h5 26. Nce4 Qh6 27. h4 Rc2 28. Rd2 Rcc8 29. Kh2 Rce8 30. Ng5 Ng6 31. Nxe6 Qxe3 32. Rxe3 fxe6 33. Nxh5 Nxh4 34. Rd7 Nf5 0-1

[Event "*** Titled Tuesday Blitz"]
[Site "Chess.com"]
[Date "2021.04.27"]
[Round "6"]
[White "topin8"]
[Black "InvisibleWarrior2252"]
[Result "1-0"]
[WhiteElo "2297"]
[BlackElo "2555"]
[TimeControl "180+1"]
[EndTime "11:05:45 PDT"]
[Termination "topin8 won by resignation"]

1. e4 c5 2. Nf3 d6 3. c3 Nf6 4. Be2 g6 5. O-O Bg7 6. d3 O-O 7. Nbd2 Nc6 8. Re1 Rb8 9. Nf1 b5 10. Ng3 b4 11. d4 cxd4 12. cxd4 d5 13. e5 Ne4 14. Be3 f6 15. Rc1 Qb6 16. Nxe4 dxe4 17. d5 Qa5 18. dxc6 exf3 19. Qb3+ Kh8 20. Bxf3 Qc7 21.
e6 f5 22. Bc5 a5 23. Rcd1 Bf6 24. Rd7 Bxd7 25. exd7 e5 26. Bxf8 Rxf8 27. Bd5 e4 28.
h3 g5 29. Qc4 Qd6 30. c7 Qxd7 31. Be6 Qe7 32. c8=Q Rxc8 33. Qxc8+ Kg7 34. Qg8+ Kh6 35. Bxf5 Bxb2 36. Qe6+ Qxe6 37. Bxe6 a4 38. Rxe4 Bc3 39. Bd7 Kg7 40. Bxa4 1-0

[Event "*** Titled Tuesday Blitz"]
[Site "Chess.com"]
[Date "2021.04.27"]
[Round "6"]
[White "Novoselski"]
[Black "AungTZ"]
[Result "1-0"]
[WhiteElo "2408"]
[BlackElo "2162"]
[TimeControl "180+1"]
[EndTime "11:05:46 PDT"]
[Termination "Novoselski won by checkmate"]

1. b3 d5 2. Bb2 c5 3. f4 Nc6 4. Nf3 e6 5. e3 Nf6 6. Be2 Be7 7. O-O O-O 8. Qe1 Ne4 9. d3 Nd6 10. Ne5 Bf6 11. Nxc6 bxc6 12. Bxf6 Qxf6 13. Nd2 Nf5 14.
Bg4 Nh6 15. Bh3 e5 16. Bxc8 Raxc8 17. Qg3 exf4 18. Qxf4 Qc3 19. Nf3 Qxc2 20. Rfd1 Qb2 21. h3 Rce8 22. e4 Re6 23. e5 f6 24. exf6 Rfxf6 25.
Qd2 Re2 26. Qxb2 Rxb2 27. Re1 Nf5 28. Re8+ Kf7 29. Rae1 d4 30. Ra8 Ne3 31. Ne5+ Ke6 32. Re8+ Kd5 33. Nc4 Rxg2+ 34. Kh1 Rg3 35. Re5# 1-0

[Event "*** Titled Tuesday Blitz"]
[Site "Chess.com"]
[Date "2021.04.27"]
[Round "6"]
[White "Stormeman100100"]
[Black "ckgchess"]
[Result "0-1"]
[WhiteElo "2494"]
[BlackElo "2681"]
[TimeControl "180+1"]
[EndTime "11:05:49 PDT"]
[Termination "ckgchess won by resignation"]

1. e4 c5 2. Nf3 d6 3. d4 cxd4 4. Nxd4 Nf6 5. Nc3 g6 6. Be3 Bg7 7. f3 a6 8. Qd2 h5 9. Be2 Nbd7 10.
O-O b5 11. a4 b4 12. Nd5 Nxd5 13.
exd5 Bb7 14. Nc6 Bxc6 15. dxc6 Ne5 16. Qxb4 Nxc6 17. Qb7 Na5 18. Qb6 Qxb6 19. Bxb6 Nc6 20. c3 Kd7 21. Rfc1 Rhb8 22. a5 e6 23. b4 Bf6 24. Ra3 Bd8 25. Be3 Ne5 26. Kf2 Ke7 27. Rd1 Rc8 28. Rb3 Nc4 29. Bf4 e5 30. Bg5+ f6 31.
Bc1 Ke6 32. Bd3 f5 33. g4 hxg4 34. fxg4 e4 35. gxf5+ gxf5 36. Bf1 d5 37. Bf4 Bc7 38. Be3 Nxe3 39. Kxe3 Bxh2 40. c4 d4+ 41. Kxd4 Rd8+ 0-1

[Event "*** Titled Tuesday Blitz"]
[Site "Chess.com"]
[Date "2021.04.27"]
[Round "6"]
[White "NiranjanNavalgund"]
[Black "Ermito2020"]
[Result "1-0"]
[WhiteElo "2484"]
[BlackElo "2603"]
[TimeControl "180+1"]
[EndTime "11:05:50 PDT"]
[Termination "NiranjanNavalgund won by resignation"]

1. e4 c6 2. Nc3 d5 3. Nf3 Bg4 4. h3 Bh5 5. g4 Bg6 6. exd5 cxd5 7. Bb5+ Nc6 8. Ne5 Rc8 9. h4 f6 10. Nxg6 hxg6 11. d4 e6 12. Qd3 Kf7 13. Bd2 Nb4 14. Qf3 Nxc2+ 15. Kd1 Nxa1 16. Bd3 Bb4 17. h5 gxh5 18. gxh5 Ne7 19. Rg1 Nc6 20. h6 g5 21.
Rxg5 Rxh6 22. Rh5 Nxd4 23. Qg4 Rxh5 24. Qxh5+ Ke7 25. Nxd5+ Qxd5 26. Bxb4+ Kd7 27. Qh7+ Kc6 28. Be4 Rd8 29. Bxd5+ Rxd5 30. Bc3 Nb5+ 31. Ke2 Nxc3+ 32. bxc3 Nc2 33. Qxc2 Re5+ 34. Kf1 b5 35. c4 Kb6 36. cxb5 Rxb5 37. a4 Rc5 38. Qb3+ Ka5 39. Qxe6 Kxa4 40. Qa6+ Kb4 41. Qxa7 Rb5 42. Qe7+ Kc4 43. Qxf6 Rd5 44. Qe6 Kd4 45. Kg2 Rg5+ 46. Kf3 Rf5+ 47. Qxf5 1-0

[Event "*** Titled Tuesday Blitz"]
[Site "Chess.com"]
[Date "2021.04.27"]
[Round "6"]
[White "GoValya"]
[Black "halldorgretar"]
[Result "1/2-1/2"]
[WhiteElo "2252"]
[BlackElo "2128"]
[TimeControl "180+1"]
[EndTime "11:05:50 PDT"]
[Termination "Game drawn by repetition"]

1. d4 e6 2. g3 f5 3. c4 Nf6 4. Bg2 d5 5. cxd5 exd5 6. Nh3 c6 7. O-O Bd6 8. Bf4 O-O 9. Nc3 Ne4 10. Rc1 h6 11. Bxd6 Qxd6 12. Nf4 g5 13. Nd3 Nxc3 14. Rxc3 f4 15. Ne5 Nd7 16. Qc2 Nxe5 17. dxe5 Qxe5 18.
e3 f3 19. Bh1 Bf5 20. Qb3 Bh3 21. Qxb7 Bxf1 22. Kxf1 Rac8 23. Bxf3 Qf5 24. Rxc6 Rxc6 25. Qxc6 Qxf3 26. Qg6+ Kh8 27. Qxh6+ Kg8 28. Qg6+ Kh8 29. Qh6+ Kg8 30. Qg6+ Kh8 31. Qh6+ 1/2-1/2

[Event "*** Titled Tuesday Blitz"]
[Site "Chess.com"]
[Date "2021.04.27"]
[Round "6"]
[White "Kretov_Evgenij"]
[Black "Grandelicious"]
[Result "1/2-1/2"]
[WhiteElo "2659"]
[BlackElo "2839"]
[TimeControl "180+1"]
[EndTime "11:05:51 PDT"]
[Termination "Game drawn by repetition"]

1. d4 d5 2. c4 e6 3. Nc3 a6 4. cxd5 exd5 5. Nf3 h6 6. Bf4 Nf6 7.
e3 Bd6 8. Bxd6 Qxd6 9. Bd3 Bg4 10. h3 Bxf3 11. Qxf3 Nbd7 12. O-O O-O 13. a3 c6 14. b4 b5 15. Rfb1 Rfe8 16. a4 Nb6 17. a5 Nc4 18. Ra2 Rab8 19. g3 Qe6 20. Kg2 Ne4 21.
Bxe4 dxe4 22. Qe2 Rbd8 23. Rc1 Rd6 24. Nb1 g6 25. Na3 Nxa3 26. Rxa3 Qf6 27. Rac3 Ree6 28. Rc5 h5 29. g4 hxg4 30. hxg4 Kg7 31. g5 Qd8 32. Qg4 Rd5 33. Rxd5 Qxd5 34. Qh4 Qf5 35.
Qh6+ Kg8 36. Rh1 Qg4+ 37. Kf1 Qd1+ 38. Kg2 Qg4+ 39. Kf1 Qd1+ 40. Kg2 Qf3+ 41. Kg1 Qg4+ 42. Kf1 1/2-1/2

[Event "*** Titled Tuesday Blitz"]
[Site "Chess.com"]
[Date "2021.04.27"]
[Round "6"]
[White "Zq1"]
[Black "seorobert1971"]
[Result "0-1"]
[WhiteElo "2539"]
[BlackElo "2760"]
[TimeControl "180+1"]
[EndTime "11:05:51 PDT"]
[Termination "seorobert1971 won by resignation"]

1. d4 Nf6 2. c4 e6 3. g3 d5 4. Bg2 Be7 5. Nf3 O-O 6. Qc2 c6 7. O-O b5 8. c5 a5 9. Bf4 Nbd7 10. Nbd2 Nh5 11. Be3 f5 12. Nb3 Bf6 13.
a4 b4 14. Nc1 e5 15. dxe5 Nxe5 16. Nxe5 Bxe5 17. Nd3 Bc7 18. Bd4 f4 19. Qd2 Bg4 20.
Be5 fxg3 21. fxg3 Nf6 22. Qf4 Bxe5 23. Nxe5 Bd7 24. e4 dxe4 25. Rad1 Qe7 26. Nxd7 Nxd7 27.
Qd6 Rxf1+ 28. Rxf1 Re8 29. Rc1 Qg5 30. Re1 Qxc5+ 31.
Qxc5 Nxc5 32. Rc1 Nxa4 33. Rxc6 Nxb2 0-1

[Event "*** Titled Tuesday Blitz"]
[Site "Chess.com"]
[Date "2021.04.27"]
[Round "6"]
[White "Pelopidass"]
[Black "superchess02"]
[Result "0-1"]
[WhiteElo "2549"]
[BlackElo "2782"]
[TimeControl "180+1"]
[EndTime "11:05:51 PDT"]
[Termination "superchess02 won by resignation"]

1. d4 Nf6 2. Nf3 e6 3. e3 d5 4. c4 c6 5. Nbd2 Bd6 6. Bd3 O-O 7. O-O b6 8. b3 Bb7 9. Bb2 Nbd7 10. Qe2 Re8 11. Ne5 Qc7 12. f4 Bf8 13. Rac1 a5 14. cxd5 exd5 15. Rf3 Qd6 16. Rh3 g6 17. g4 c5 18. g5 Ne4 19. Nxe4 dxe4 20. Bb5 Nxe5 21. dxe5 Qe6 22. Kg2 Red8 23. Bc4 Bd5 24. f5 Qxf5 25.
Rf1 Qxg5+ 26. Rg3 Qe7 27. e6 Qxe6 28. Rf6 Bxc4 29. bxc4 Qd7 30. Qh5 Bg7 31. Rf2 gxh5 32. Rxg7+ Kf8 33. Bf6 Qg4+ 34. Rxg4 hxg4 35. Bxd8 Rxd8 36.
Kg3 Rd3 37. Kf4 Rc3 38. Rb2 Rxc4 39. Rxb6 Rc2 40. Rb5 a4 41. a3 Rxh2 42. Rxc5 Ra2 43. Rc3 h5 44. Kxe4 h4 45. Kf5 g3 46. Kf6 Rf2+ 47. Kg5 g2 0-1

[Event "*** Titled Tuesday Blitz"]
[Site "Chess.com"]
[Date "2021.04.27"]
[Round "6"]
[White "ChadBiryani"]
[Black "AttackSparrow"]
[Result "1-0"]
[WhiteElo "2321"]
[BlackElo "2473"]
[TimeControl "180+1"]
[EndTime "11:05:51 PDT"]
[Termination "ChadBiryani won by checkmate"]

1. d4 Nf6 2. Bf4 g6 3. e3 Bg7 4.
h4 h5 5. Nf3 O-O 6. Be2 d6 7. c4 Nbd7 8. Nc3 b6 9. O-O Bb7 10.
Ng5 e5 11. Bh2 Qe7 12. Re1 a6 13. Rc1 Rae8 14. Nd5 Nxd5 15. cxd5 Qd8 16. dxe5 Nxe5 17. e4 Re7 18. Bxh5 gxh5 19. Qxh5 Rfe8 20. Re3 Ng6 21.
Qh7+ Kf8 22. Rf3 Bc8 23. Qxg6 Kg8 24. Qh7+ Kf8 25. Qg6 Kg8 26. Rxf7 Rxf7 27. Qxf7+ Kh8 28. Qh5+ Kg8 29. Qf7+ Kh8 30. Qg6 Kg8 31. Qh7+ Kf8 32. Rc3 Qe7 33. Rf3+ Bf6 34. Qh8# 1-0

[Event "*** Titled Tuesday Blitz"]
[Site "Chess.com"]
[Date "2021.04.27"]
[Round "6"]
[White "Klavdia_Nik"]
[Black "chessflav"]
[Result "0-1"]
[WhiteElo "2049"]
[BlackElo "2289"]
[TimeControl "180+1"]
[EndTime "11:05:52 PDT"]
[Termination "chessflav won on time"]

1. Nf3 d5 2. c4 c6 3. b3 Nf6 4. Bb2 Bg4 5. e3 Nbd7 6. Be2 e6 7. O-O Bd6 8. h3 Bh5 9. d4 Bxf3 10. Bxf3 O-O 11.
Nc3 Re8 12. e4 dxe4 13. Nxe4 Nxe4 14. Bxe4 Nf6 15. Bf3 e5 16. dxe5 Bxe5 17. Bxe5 Rxe5 18. Qxd8+ Rxd8 19. Rad1 Ree8 20. g4 h6 21. Kg2 g5 22.
Rxd8 Rxd8 23. Rd1 Rxd1 24. Bxd1 Ne4 25. Bc2 Nc3 26. a3 Ne2 27. Bd1 Nf4+ 28. Kg3 Kg7 29.
h4 Kf6 30. hxg5+ hxg5 31. Kf3 Ke5 32. Ke3 c5 33. Bf3 b6 34. Bb7 a5 35. Bc6 f6 36.
f3 Ng2+ 37. Kf2 Nf4 38. Ke3 Ne6 39. Ba4 Nd4 40. b4 axb4 41. axb4 cxb4 0-1

[Event "*** Titled Tuesday Blitz"]
[Site "Chess.com"]
[Date "2021.04.27"]
[Round "6"]
[White "AlexSuv"]
[Black "TokChess"]
[Result "1-0"]
[WhiteElo "2560"]
[BlackElo "2401"]
[TimeControl "180+1"]
[EndTime "11:05:54 PDT"]
[Termination "AlexSuv won on time"]

1. d4 d5 2. c4 e6 3. Nc3 Nf6 4. cxd5 exd5 5. Bg5 c6 6. e3 Nbd7 7. Bd3 Be7 8. Qc2 O-O 9. Nf3 Re8 10. O-O h6 11.
Bh4 Nh5 12. Bxe7 Qxe7 13. Rfe1 Ndf6 14. Ne5 Ng4 15. Nxg4 Bxg4 16. f3 Bd7 17. Qf2 Nf6 18.
g4 c5 19. h4 cxd4 20. e4 dxc3 21. e5 cxb2 22. Qxb2 Nh7 23. Qf2 Bc6 24. f4 d4 25.
g5 hxg5 26. hxg5 Nf8 27. Qg3 Qd7 28. f5 Qd5 29. g6 fxg6 30. f6 Re6 31. Rac1 Bb5 32.
Rc7 Nd7 33. Qxg6 1-0

[Event "*** Titled Tuesday Blitz"]
[Site "Chess.com"]
[Date "2021.04.27"]
[Round "6"]
[White "suyu28"]
[Black "MPGM"]
[Result "1-0"]
[WhiteElo "2634"]
[BlackElo "2486"]
[TimeControl "180+1"]
[EndTime "11:05:55 PDT"]
[Termination "suyu28 won by resignation"]

1. d4 d5 2. c4 e6 3. Nc3 c5 4. cxd5 exd5 5. Nf3 Nf6 6. g3 Nc6 7. Bg2 cxd4 8. Nxd4 Bc5 9. Nb3 Bb6 10. O-O d4 11.
Na4 O-O 12. Nxb6 axb6 13. Bxc6 bxc6 14. Qxd4 Qxd4 15. Nxd4 c5 16. Nb5 Bd7 17. Nc3 Rfe8 18. Rd1 Be6 19. Rd6 Reb8 20. Bf4 Rb7 21. Rad1 h6 22. Rd8+ Rxd8 23. Rxd8+ Kh7 24. Rb8 Rxb8 25. Bxb8 Nd5 26. Na4 Bd7 27. Nc3 Nxc3 28. bxc3 Be6 29.
a3 b5 30. e4 f5 31. e5 g5 32.
Bd6 c4 33. f4 g4 34. Kf2 Kg6 35. Ke3 Kf7 36. Kd4 Bd7 37. a4 bxa4 38. Kxc4 Ke6 39.
Kd4 Bc6 40. Ba3 Kd7 41. Kc5 Be4 42. c4 h5 43. Kb6 Bf3 44. c5 Bd5 45. c6+ Bxc6 46.
e6+ 1-0

[Event "*** Titled Tuesday Blitz"]
[Site "Chess.com"]
[Date "2021.04.27"]
[Round "6"]
[White "Mihnea2017"]
[Black "KeithArkell"]
[Result "1-0"]
[WhiteElo "2479"]
[BlackElo "2600"]
[TimeControl "180+1"]
[EndTime "11:05:59 PDT"]
[Termination "Mihnea2017 won by resignation"]

1. e4 c6 2. Nc3 d5 3. Nf3 Bg4 4. h3 Bxf3 5. Qxf3 dxe4 6. Nxe4 Nd7 7.
d4 Ndf6 8. c3 Nxe4 9. Qxe4 Nf6 10. Qc2 g6 11. Bd3 Bg7 12. O-O O-O 13. Re1 e6 14.
Bg5 Qc7 15. Bh4 c5 16. Bg3 Qc6 17. dxc5 Qxc5 18. Rad1 Rfd8 19. Qe2 a6 20. Qe5 Qxe5 21. Bxe5 b5 22. Bc2 Nd5 23. Bxg7 Kxg7 24. Rd4 Nb6 25. Red1 Rxd4 26. Rxd4 Nc4 27. b3 Nb6 28. Rd6 Rb8 29. Kf1 Nd5 30. Rxa6 Nxc3 31. Ke1 Rd8 32. a4 bxa4 33. bxa4 Nd5 34. Ra7 Nb4 35. Be4 Rd4 36.
Bf3 Rd3 37. a5 Nc2+ 38. Ke2 Ra3 39. Kd2 Nd4 40. Bb7 Rxa5 41. Rxa5 Nb3+ 42. Kc3 Nxa5 43. Ba8 Kf6 44. Kb4 Ke5 45. Kxa5 Kd4 46. Kb4 Kd3 47. Bf3 Kd2 48. Kc5 Ke1 49. Kd6 Kxf2 50. Ke7 f5 51.
Kxe6 Kg3 52. Kf6 Kf4 53. Kg7 g5 54. Kxh7 g4 55. hxg4 fxg4 56. Ba8 Kg5 57. Kg7 1-0

[Event "*** Titled Tuesday Blitz"]
[Site "Chess.com"]
[Date "2021.04.27"]
[Round "6"]
[White "enriquetejedor"]
[Black "Alex-11211"]
[Result "0-1"]
[WhiteElo "2592"]
[BlackElo "2461"]
[TimeControl "180+1"]
[EndTime "11:06:00 PDT"]
[Termination "Alex-11211 won by resignation"]

1. e4 g6 2. h4 Bg7 3. h5 d5 4. exd5 Qxd5 5. Nc3 Qa5 6. Bc4 Nc6 7. d3 Be6 8. Bxe6 Bxc3+ 9. bxc3 Qxc3+ 10. Bd2 Qe5+ 11. Kf1 Qxe6 12. hxg6 Qxg6 13. Nh3 e5 14. Rb1 O-O-O 15.
Ng5 Nf6 16. Rh4 Rhg8 17. Qf3 h6 18. Rc4 hxg5 19. Rxb7 e4 20. dxe4 Kxb7 21. Qb3+ Ka8 22. Rxc6 Rxd2 23. Rxc7 Rb8 24. Qe3 Rb1+ 25. Qe1 Rxe1+ 26.
Kxe1 Qxe4+ 27. Kxd2 Qf4+ 0-1

[Event "*** Titled Tuesday Blitz"]
[Site "Chess.com"]
[Date "2021.04.27"]
[Round "6"]
[White "JiiHart"]
[Black "JoachimMouhamad"]
[Result "0-1"]
[WhiteElo "2043"]
[BlackElo "2462"]
[TimeControl "180+1"]
[EndTime "11:06:00 PDT"]
[Termination "JoachimMouhamad won by resignation"]

1. e4 e5 2. Nf3 Nc6 3. Bc4 Nf6 4. Ng5 d5 5. exd5 Na5 6. Bb5+ c6 7. dxc6 bxc6 8. Bd3 Nd5 9. Ne4 f5 10. Ng3 e4 11.
Be2 Bd6 12. d3 exd3 13. Bxd3 O-O 14. O-O f4 15. Ne4 f3 16. c4 fxg2 17. Re1 Qh4 18.
Ng3 Nxc4 19. Qh5 Qxh5 20. Nxh5 Ne5 21. Be4 Bg4 22. Ng3 Rae8 23. Nc3 Nxc3 24. bxc3 Nf3+ 25. Bxf3 Rxe1+ 26. Kxg2 Bxf3+ 27. Kh3 0-1

[Event "*** Titled Tuesday Blitz"]
[Site "Chess.com"]
[Date "2021.04.27"]
[Round "6"]
[White "davigator"]
[Black "VladimirBugayev"]
[Result "0-1"]
[WhiteElo "2429"]
[BlackElo "2258"]
[TimeControl "180+1"]
[EndTime "11:06:01 PDT"]
[Termination "VladimirBugayev won by checkmate"]

1. e4 c6 2. d4 d5 3. e5 Bf5 4. h4 h6 5. g4 Be4 6. f3 Bh7 7.
e6 Qd6 8. exf7+ Kxf7 9. Bd3 Bxd3 10. Qxd3 Nd7 11. Ne2 e5 12. Qf5+ Ngf6 13. h5 exd4 14. Qg6+ Kg8 15. Bf4 Qb4+ 16. Nd2 Re8 17. Kd1 d3 18. cxd3 Rxe2 19. Kxe2 Qxf4 20. Rae1 Ne5 21. Qf5 Qxf5 22. gxf5 Bb4 23. f4 Bxd2 24. Ref1 Bxf4 25. Rxf4 Kf7 26. Re1 Nxh5 27. Ra4 a6 28. d4 Nc4 29. Rb4 Re8+ 30. Kf2 Rxe1 31. Kxe1 Nd6 32. Rb3 Kf6 33. Rh3 Kg5 34. Kf2 Nxf5 35. Rb3 Nd6 36. Kf3 Nf6 37. Ke3 Nfe4 38. Ke2 h5 39. Rh3 h4 40. Ke3 Nf5+ 41.
Kd3 Kg4 42. Rh2 h3 43. b4 Kg3 44. Re2 h2 45. Rxe4 dxe4+ 46. Kxe4 h1=Q+ 47. Kxf5 Qd5+ 48. Kg6 Kf4 49. a3 Qxd4 50. Kf7 Qf6+ 51. Ke8 g5 52. a4 g4 53. b5 cxb5 54. axb5 Qg7 55. bxa6 bxa6 56.
Kd8 a5 57. Kc8 a4 58. Kb8 a3 59. Ka8 a2 60. Kb8 a1=Q 61. Kc8 Qa8# 0-1

[Event "*** Titled Tuesday Blitz"]
[Site "Chess.com"]
[Date "2021.04.27"]
[Round "6"]
[White "Piotrek1979"]
[Black "ajedrez1101"]
[Result "1-0"]
[WhiteElo "2334"]
[BlackElo "2161"]
[TimeControl "180+1"]
[EndTime "11:06:04 PDT"]
[Termination "Piotrek1979 won by resignation"]

1. Nf3 b6 2. c4 Bb7 3. b3 e6 4.
Bb2 Nf6 5. e3 Be7 6. Be2 O-O 7.
g4 Nxg4 8. Rg1 Bf6 9. d4 Nh6 10. Nbd2 d5 11. Qc2 Nd7 12. O-O-O c5 13. Kb1 Rc8 14.
h4 cxd4 15. Bxd4 Bxd4 16. Nxd4 Qxh4 17. N2f3 Qe7 18. Rh1 Nf6 19. Rdg1 Kh8 20. Ng5 dxc4 21. f3 cxb3 22. Qxb3 Bd5 23. Qb2 Qc5 24. Rxh6 gxh6 25. Nc6 Qc3 26. Qxc3 1-0

[Event "*** Titled Tuesday Blitz"]
[Site "Chess.com"]
[Date "2021.04.27"]
[Round "6"]
[White "K_A_S_T_O_R"]
[Black "RiskyDecision"]
[Result "1-0"]
[WhiteElo "2784"]
[BlackElo "2543"]
[TimeControl "180+1"]
[EndTime "11:06:05 PDT"]
[Termination "K_A_S_T_O_R won by resignation"]

1. e4 c5 2. Nf3 e6 3. d4 cxd4 4. Nxd4 Nf6 5. Nc3 Nc6 6. Ndb5 Bc5 7. Bf4 O-O 8. Bc7 Qe7 9. Bd6 Bxd6 10. Qxd6 Qd8 11.
Qd2 d5 12. exd5 exd5 13. O-O-O Be6 14. f3 Rc8 15. Kb1 Qa5 16. Nd4 Ne5 17. Ne4 Qd8 18. Ng5 Qd6 19. Re1 Rfe8 20. Bb5 Nc6 21. g4 Bd7 22. Bxc6 bxc6 23. Rhg1 c5 24. Nf5 Bxf5 25. gxf5 Re5 26. Qg2 Rxe1+ 27. Rxe1 Re8 28. Rg1 g6 29. fxg6 hxg6 30. a3 Nh5 31. Qh3 Qf4 32. Qd7 Re2 33.
Qxd5 Rxh2 34. Nxf7 Qxf7 35. Rxg6+ Ng7 36. Rxg7+ Kxg7 37. Qe5+ Qf6 38. Qxh2 Qxf3 39. Qg1+ Kf7 40. Qxc5 a6 41.
Qc4+ Ke7 42. Qxa6 Qf1+ 43. Qxf1 1-0

[Event "*** Titled Tuesday Blitz"]
[Site "Chess.com"]
[Date "2021.04.27"]
[Round "6"]
[White "kubal123"]
[Black "Gerodot71"]
[Result "0-1"]
[WhiteElo "2293"]
[BlackElo "2576"]
[TimeControl "180+1"]
[EndTime "11:06:06 PDT"]
[Termination "Gerodot71 won by resignation"]

1. e4 e5 2. Nf3 Nc6 3. Bc4 Bc5 4. O-O Nf6 5. d3 d6 6. c3 a6 7. Bb3 Ba7 8. Nbd2 h6 9. Re1 O-O 10. Nf1 Be6 11. Ng3 Qd7 12. Bc2 Rae8 13. d4 Bg4 14. d5 Ne7 15. h3 Bxf3 16. Qxf3 Ng6 17. Nf5 Qd8 18. g4 Nh7 19. Qg3 Nf4 20. Bxf4 exf4 21. Qxf4 Ng5 22. Kg2 g6 23. Nxh6+ Kg7 24. h4 Nh7 25. g5 f6 26. Ng4 fxg5 27. Qd2 Rf4 28. f3 Ref8 29. Rf1 gxh4 30. c4 Qg5 31. Qc3+ Kg8 32.
Kh3 Bd4 33. Qd3 Be5 34. Rf2 Nf6 35. Rg1 Nxg4 36. Rxg4 Rxg4 37. fxg4 Rxf2 0-1

[Event "*** Titled Tuesday Blitz"]
[Site "Chess.com"]
[Date "2021.04.27"]
[Round "6"]
[White "WuinaterJr"]
[Black "Chernov_Alexander_A"]
[Result "0-1"]
[WhiteElo "2510"]
[BlackElo "2338"]
[TimeControl "180+1"]
[EndTime "11:06:07 PDT"]
[Termination "Chernov_Alexander_A won by resignation"]

1. e4 c6 2. d4 d5 3. Nc3 dxe4 4. Nxe4 Bf5 5. Ng3 Bg6 6. h4 h6 7. Nf3 Nd7 8. h5 Bh7 9. Bd3 Bxd3 10. Qxd3 Qc7 11. Bd2 O-O-O 12. O-O-O Ngf6 13. Kb1 e6 14. Ne4 Nc5 15. Nxc5 Bxc5 16. Qc4 Bd6 17. Qe2 Rhe8 18.
c3 c5 19. Be3 c4 20. Nd2 b5 21.
f3 Nd5 22. Ne4 Kb7 23. Rhe1 Rb8 24. g4 Rec8 25. Bg1 b4 26. Nxd6+ Qxd6 27. Bh2 Qc6 28. Bxb8 Rxb8 29. Qc2 Ka8 30. cxb4 Rxb4 31. Rc1 Qa6 32. Qh7 Rb8 33. Qe4 Rb7 34. Re2 Qa5 35. Rec2 c3 36.
Qd3 Nb4 0-1

[Event "*** Titled Tuesday Blitz"]
[Site "Chess.com"]
[Date "2021.04.27"]
[Round "6"]
[White "Loy_Konstantin"]
[Black "DonBroca"]
[Result "1/2-1/2"]
[WhiteElo "2370"]
[BlackElo "2218"]
[TimeControl "180+1"]
[EndTime "11:06:07 PDT"]
[Termination "Game drawn by stalemate"]

1. e4 c5 2. Nf3 d6 3. d4 cxd4 4. Qxd4 Nf6 5. e5 Nc6 6. Bb5 Nd7 7. Bxc6 bxc6 8. exd6 exd6 9. O-O Nf6 10. Bg5 Be6 11.
Bxf6 Qxf6 12. Qxf6 gxf6 13. Nd4 c5 14. Nxe6 fxe6 15. c4 Bg7 16. Nc3 f5 17. Rfe1 Bxc3 18. bxc3 Kd7 19. Rab1 Rab8 20. f4 Rb6 21. Rb5 Rhb8 22.
Reb1 Kc6 23. R5b3 a5 24. Rxb6+ Rxb6 25. Rxb6+ Kxb6 26. Kf2 Kc6 27. Kf3 d5 28. cxd5+ exd5 29. h3 h5 30. g4 fxg4+ 31. hxg4 hxg4+ 32. Kxg4 Kd6 33. f5 d4 34. cxd4 cxd4 35. Kf4 d3 36. Ke3 Ke5 37. Kxd3 Kxf5 38. Kd4 Ke6 39. Kc5 Kd7 40. a4 Kc8 41. Kb5 Kb8 42. Kxa5 Ka8 43. Kb5 Kb8 44. a5 Ka8 45. a6 Kb8 46. a7+ Ka8 47. Ka6 1/2-1/2

[Event "*** Titled Tuesday Blitz"]
[Site "Chess.com"]
[Date "2021.04.27"]
[Round "6"]
[White "elcandado"]
[Black "Nils_03"]
[Result "0-1"]
[WhiteElo "2624"]
[BlackElo "2438"]
[TimeControl "180+1"]
[EndTime "11:06:08 PDT"]
[Termination "Nils_03 won by resignation"]

1. d4 d5 2. Bf4 Bf5 3. e3 c6 4. c4 e6 5. Nc3 Nf6 6. Qb3 Qc8 7. Rc1 Nbd7 8. cxd5 exd5 9. Nb5 Be7 10. Nc7+ Kf8 11. Nxa8 Qxa8 12. h3 h6 13. Nf3 g5 14.
Bg3 Kg7 15. Ne5 Re8 16. Nxd7 Bxd7 17. Bd3 Ne4 18. Bxe4 dxe4 19. O-O Be6 20. Qc2 Bd5 21. a3 Qc8 22. b4 b5 23. a4 a6 24. axb5 axb5 25.
Qb2 Qe6 26. Ra1 h5 27. Ra7 h4 28. Be5+ f6 29. Bh2 Kg6 30. Rfa1 g4 31. Kh1 Qf5 32.
Qe2 gxh3 33. gxh3 Qf3+ 34. Qxf3 exf3 35. Rb1 Kf5 36. Bf4 Ke4 37. Kh2 Kd3 38. Ra3+ Kc2 39. Raa1 Rg8 40. Rg1 Rxg1 41. Rxg1 Bxb4 42. Rg4 Be1 43.
Rxh4 b4 44. Bd6 b3 45. Ba3 Bxf2 46. Rf4 Bxe3 47. Rxf6 Bxd4 48. Rf8 f2 49. h4 Bc4 50.
Kg2 f1=Q+ 0-1